 Dungeon Sprint DCSS version bcrawl-1.19.2-6-g6a88ae04c9 (webtiles) character file.

Game seed: 18163854306486279203

4593 Freyura the Cruncher (level 10, -9/87 HPs)
             Began as a Demonspawn Gladiator on Jan 5, 2020.
             Was a Believer of Ru.
             Mangled by a catoblepas (11 damage)
             ... while petrified by you
             ... in the Dungeon (Sprint IX: "|||||||||||||||||||||||||||||").
             The game lasted 00:07:27 (1164 turns).

Freyura the Cruncher (Demonspawn Gladiator)         Turns: 1164, Time: 00:07:28

Health: -9/87      AC: 21    Str: 16    XL:     10   Next: 18%
Magic:  10/10      EV:  2    Int:  9    God:    Ru [**....]
Gold:   0          SH:  0    Dex: 22    Spells: 9/9 levels left

rFire    + . .     SeeInvis .   o - +2 lajatang
rCold    . . .     Gourm    .   (shield currently unavailable)
rNeg     + + +     Faith    .   r - +1 chain mail
rPois    ∞         Spirit   .   (helmet restricted)
rElec    .         Reflect  .   p - +2 cloak
rCorr    .         Harm     .   (no gloves)
MR       .....     NoTele   +   q - +2 pair of boots
Stlth    ..........             (no amulet)
HPRegen  0.24/turn              t - +2 ring of protection
MPRegen  0.12/turn              (no ring)

@: agile, petrified, no potions
A: horns 2, fire resistance 1, inability to drink while threatened, no stealth,
sturdy frame 2
a: Renounce Religion


You were in the Dungeon.
You worshipped Ru.
Ru was pleased with you.
You were not hungry.

You visited 1 branch

Inventory:

Hand Weapons
 a - a +0 quarterstaff
 o - a +2 lajatang (weapon)
Missiles
 d - 3 throwing nets (quivered) {!f}
Armour
 p - a +2 cloak (worn)
 q - a +2 pair of boots (worn)
 r - a +1 chain mail (worn)
Jewellery
 t - a +2 ring of protection (left hand)
Wands
 n - a wand of iceblast (10)
Scrolls
 k - 3 scrolls of blinking
 l - 3 scrolls of remove curse
 m - 2 scrolls of amnesia
 v - a scroll of identify
Potions
 b - a potion of agility
 e - 5 potions of curing
 g - 2 potions of heal wounds
 h - 2 potions of haste
 i - 4 potions of magic
 j - a potion of invisibility
Comestibles
 c - 8 chunks of flesh
 f - 2 rations {!d}


   Skills:
 + Level 11.1 Fighting
 * Level 13.9 Staves
 - Level 1.7 Throwing
 + Level 10.0 Armour
 + Level 10.4 Dodging


You had 9 spell levels left.
You didn't know any spells.
Your spell library was empty.

Dungeon Overview and Level Annotations

Branches:
Dungeon (1/1)

Altars:
Cheibriados
Dithmenos
Elyvilon
Fedhas
Gozag
Hepliaklqana
Kikubaaqudgha
Lugonu
Makhleb
Nemelex Xobeh
Okawaru
Qazlal
Ru
Sif Muna
Trog
Uskayaw
Vehumet
Wu Jian
Xom
Yredelemnul
Zin
The Shining One
Beogh
Jiyva


Innate Abilities, Weirdness & Mutations

You have a pair of horns on your head.
Your flesh is heat resistant. (rF+)
You cannot drink potions while threatened.
You cannot be stealthy.
Your movements are less encumbered by armour. (ER -4)


Message History

The catoblepas begins to attack, but is stunned by your will!
You have turned to stone.
You are engulfed in calcifying dust.
The catoblepas breathes a plume of calcifying dust at you.
The blast of calcifying dust hits you!
The catoblepas begins to attack, but is stunned by your will!
Some of the chunks of flesh in your inventory have rotted away.
The catoblepas gores you!!
* * * LOW HITPOINT WARNING * * *
The catoblepas gores you!
* * * LOW HITPOINT WARNING * * *
The catoblepas gores you!!
* * * LOW HITPOINT WARNING * * *
The catoblepas breathes a plume of calcifying dust at you.
The blast of calcifying dust hits you!
You are engulfed in calcifying dust.
The catoblepas breathes a plume of calcifying dust at you.
The blast of calcifying dust hits you!
You are engulfed in calcifying dust.
The catoblepas gores you!!
You die...

▓▓▓▓▓▓▓▓▓▓▓▓▓▓▓▓▓▓▓▓▓▓▓▓
YYYYYYY@§§.......÷......
▓▓▓▓▓▓▓▓▓▓▓▓▓▓▓▓▓▓▓▓▓▓▓▓▓▓▓▓▓▓▓▓▓
.................................
▓▓▓▓▓▓▓▓▓▓▓▓▓▓▓▓▓▓▓▓▓▓▓▓▓▓▓▓▓▓▓▓▓
......[.....)|..'________________
▓▓▓▓▓▓▓▓▓▓▓▓▓▓▓▓▓▓▓▓▓▓▓▓▓▓▓▓▓▓▓▓▓


You could see a death yak, a catoblepas and 5 yaks.

Vanquished Creatures
  2 black mambas (D)
  4 cane toads (D)
  A komodo dragon (D)
  A troll (D)
  4 hippogriffs (D)
  2 wyverns (D)
  A basilisk (D)
  A vampire mosquito (D)
  A crocodile (D)
  2 water moccasins (D)
  2 porcupines (D)
  A black bear (D)
  An ice beast (D)
  3 bullfrogs (D)
  A crimson imp (D)
  A jelly (D)
  A worker ant (D)
  A gnoll (D)
  An adder (D)
  A dart slug (D)
  2 orcs (D)
  A giant cockroach (D)
  A goblin (D)
  A bat (D)
  A kobold (D)
  A leopard gecko skeleton (D)
  A leopard gecko zombie (D)
40 creatures vanquished.

Notes
Turn   | Place    | Note
-------+----------+-------------------------------------------
     0 | D        | Freyura the Demonspawn Gladiator began the quest for the
                  | Orb.
     0 | D        | Reached XP level 1. HP: 16/16 MP: 1/1
     5 | D        | Reached skill level 3 in Staves
    16 | D        | Reached skill level 1 in Armour
    22 | D        | Noticed an ice beast
    22 | D        | Noticed a crimson imp
    22 | D        | Noticed a worker ant
    25 | D        | Killed a worker ant
    25 | D        | Reached skill level 4 in Staves
    25 | D        | Gained mutation: You have a pair of small horns on your
                  | head. [demonic ancestry]
    25 | D        | Reached XP level 2. HP: 21/24 MP: 2/2
    25 | D        | Gained mutation: Your movements are slightly less
                  | encumbered by armour. (ER -2) [demonic ancestry]
    25 | D        | Reached XP level 3. HP: 26/29 MP: 3/3
    34 | D        | Reached skill level 5 in Staves
    34 | D        | Gained mutation: Your flesh is heat resistant. (rF+)
                  | [demonic ancestry]
    34 | D        | Reached XP level 4. HP: 37/37 MP: 4/4
    37 | D        | Killed an ice beast
    37 | D        | Reached skill level 5 in Fighting
    37 | D        | Reached skill level 6 in Staves
    37 | D        | Reached skill level 5 in Dodging
    37 | D        | Gained mutation: You have a pair of horns on your head.
                  | [demonic ancestry]
    37 | D        | Reached XP level 5. HP: 44/44 MP: 5/5
    43 | D        | Found a roughly hewn altar of Beogh.
    43 | D        | Found a snail-covered altar of Cheibriados.
    43 | D        | Found a shadowy altar of Dithmenos.
    43 | D        | Found a white marble altar of Elyvilon.
    43 | D        | Found a blossoming altar of Fedhas.
    43 | D        | Found an opulent altar of Gozag.
    44 | D        | Found a hazy altar of Hepliaklqana.
    45 | D        | Found a viscous altar of Jiyva.
    46 | D        | Found an ancient bone altar of Kikubaaqudgha.
    47 | D        | Found a corrupted altar of Lugonu.
    48 | D        | Found a burning altar of Makhleb.
    49 | D        | Found a sparkling altar of Nemelex Xobeh.
    50 | D        | Found an iron altar of Okawaru.
    51 | D        | Found a stormy altar of Qazlal.
    52 | D        | Found a sacrificial altar of Ru.
    53 | D        | Found a shimmering blue altar of Sif Muna.
    54 | D        | Found a bloodstained altar of Trog.
    55 | D        | Found a hide-covered altar of Uskayaw.
    56 | D        | Found a radiant altar of Vehumet.
    57 | D        | Found an ornate altar of the Wu Jian Council.
    58 | D        | Found a shimmering altar of Xom.
    59 | D        | Found a basalt altar of Yredelemnul.
    60 | D        | Found a glowing silver altar of Zin.
    61 | D        | Found a glowing golden altar of the Shining One.
   120 | D        | Became a worshipper of Ru the Awakened
   165 | D        | Noticed a troll
   165 | D        | Noticed a wyvern
   165 | D        | Noticed a black bear
   171 | D        | Killed a black bear
   171 | D        | Reached skill level 7 in Staves
   174 | D        | Reached XP level 6. HP: 26/52 MP: 6/6
   179 | D        | HP: 2/52 [wyvern (10)]
   180 | D        | Killed a wyvern
   180 | D        | Reached skill level 8 in Staves
   180 | D        | Reached skill level 5 in Armour
   190 | D        | Killed a troll
   190 | D        | Reached skill level 9 in Staves
   190 | D        | Gained mutation: Your movements are less encumbered by
                  | armour. (ER -4) [demonic ancestry]
   190 | D        | Reached XP level 7. HP: 37/60 MP: 7/7
   297 | D        | Noticed a vampire mosquito
   297 | D        | Noticed a hippogriff
   308 | D        | Killed a hippogriff
   308 | D        | Reached skill level 10 in Staves
   316 | D        | Gained mutation: You cannot be stealthy. [Ru sacrifice]
   321 | D        | Killed a vampire mosquito
   321 | D        | Reached XP level 8. HP: 23/68 MP: 8/8
   681 | D        | Noticed a black mamba
   681 | D        | Noticed a cane toad
   685 | D        | Noticed a hippogriff
   689 | D        | Killed a cane toad
   689 | D        | Reached skill level 11 in Staves
   692 | D        | Noticed a black mamba
   705 | D        | Killed a black mamba
   715 | D        | Reached skill level 12 in Staves
   715 | D        | Reached XP level 9. HP: 53/77 MP: 9/9
   722 | D        | Noticed a cane toad
   727 | D        | Killed a black mamba
   727 | D        | Reached skill level 10 in Fighting
   732 | D        | Killed a cane toad
   876 | D        | Noticed a cane toad
   879 | D        | Noticed a komodo dragon
   893 | D        | Reached skill level 13 in Staves
   912 | D        | Killed a cane toad
   914 | D        | Reached skill level 10 in Dodging
   914 | D        | Noticed a cane toad
   921 | D        | Reached XP level 10. HP: 58/86 MP: 10/10
   922 | D        | Gained mutation: You cannot drink potions while threatened.
                  | [Ru sacrifice]
   922 | D        | Reached * piety under Ru
   922 | D        | Reached ** piety under Ru
   939 | D        | Killed a cane toad
   939 | D        | Reached skill level 10 in Armour
  1137 | D        | Noticed a death yak
  1137 | D        | Noticed a catoblepas
  1161 | D        | HP: 1/87 [catoblepas (10)]
  1164 | D        | Mangled by a catoblepas

Skill      XL: |  1  2  3  4  5  6  7  8  9 10 |
---------------+-------------------------------+-----
Staves         | 4 5 6 7 9 10 12 13 | 13.9
Dodging        | 3 4 5 7 9 10 | 10.4
Armour         | 2 3 4 6 7 8 9 10 | 10.0
Fighting       | 3 4 5 7 8 9 10 11 | 11.1
Throwing       | |  1.7

Action                   |  1- 3 |  4- 6 |  7- 9 | 10-12 || total
-------------------------+-------+-------+-------+-------++-------
Melee: Quarterstaff      |    22 |     3 |       |       ||    25
       Headbutt          |     1 |     5 |    24 |     7 ||    37
       Lajatang          |       |    23 |   107 |    27 ||   157
Invok: Sacrifice Stealth |       |       |     1 |       ||     1
       Sacrifice Drink   |       |       |       |     1 ||     1
  Use: Potion            |     1 |     2 |     4 |     1 ||     8
       Scroll            |       |       |     6 |       ||     6
 Stab: Distracted        |       |       |       |     1 ||     1
  Eat: Chunk             |       |       |       |     1 ||     1
Armor: Leather armour    |     4 |       |       |       ||     4
       Chain mail        |       |    16 |    65 |     9 ||    90
Dodge: Dodged            |    10 |    16 |    74 |     9 ||   109
